 Dungeon Crawl Stone Soup version 0.18.1-8-gdd0e5ea (webtiles) character file.

583955 Leszczynek the Spry (level 26, 0/158 HPs)
             Began as a Deep Elf Wanderer on May 19, 2016.
             Was the Champion of Elyvilon.
             Killed from afar by a white draconian (46 damage)
             ... with a chilling blast
             ... on level 2 of the Realm of Zot on May 21, 2016.
             The game lasted 09:52:14 (114270 turns).

Leszczynek the Spry (Deep Elf Wanderer)           Turns: 114270, Time: 09:52:15

Health: 0/158      AC: 27    Str:  8    XL:     26   Next: 2%
Magic:  32/44      EV: 20    Int: 27    God:    Elyvilon [******]
Gold:   325        SH:  8    Dex: 16    Spells: 14 memorised, 3 levels left

rFire  + . .     SeeInvis +     a - +5 double sword (flame)
rCold  . . .     Gourm    .     X - +5 swamp dragon armour
rNeg   . . .     Faith    .     Y - +2 buckler {AC+3}
rPois  +         Spirit   .     V - +0 helmet "Suedoih" {rElec}
rElec  +         Dismiss  .     p - +1 cloak {MR+}
rCorr  .         Reflect  .     B - +1 pair of gloves
SustAt .         Harm     .     R - +1 pair of boots {Fly}
MR     +++..                    n - amulet of magic regeneration
Stlth  +++.......               O - ring of protection from fire
                                H - ring of see invisible

@: very slightly contaminated, extremely resistant to hostile enchantments,
fairly stealthy
A: weak 1, MP-powered wands
a: Lesser Healing, Heal Other, Purification, Greater Healing, Divine Vigour,
Divine Protection, Renounce Religion, Evoke Flight
}: 3/15 runes: decaying, slimy, gossamer


You were on level 2 of the Realm of Zot.
You worshipped Elyvilon.
Elyvilon was exalted by your worship.
You were not hungry.

You visited 12 branches of the dungeon, and saw 57 of its levels.
You visited the Abyss 1 time.

You collected 6454 gold pieces.
You spent 6129 gold pieces at shops.

Inventory:

Hand Weapons
 a - a +5 double sword of flaming (weapon)
 b - the +10 hand crossbow "Ruomopp" {elec, rF+ rC+ MR-}
   (You found it on level 7 of the Lair of Beasts)

   It charges the ammunition it shoots with electricity; occasionally upon a
   hit, such missiles may discharge and cause terrible harm.
   It protects you from fire.
   It protects you from cold.
   It affects your resistance to hostile enchantments.
Missiles
 g - 2 throwing nets (quivered)
 S - 2174 bolts
Armour
 p - a +1 cloak of magic resistance (worn)
 B - a +1 pair of gloves (worn)
 R - a +1 pair of boots of flying (worn)
 V - the +0 helmet "Suedoih" (worn) {rElec}
   (You found it on level 5 of the Lair of Beasts)

   It insulates you from electricity.
 X - a +5 swamp dragon armour (worn)
 Y - a +2 buckler of protection (worn)
Jewellery
 c - an uncursed ring of ice
 n - an amulet of magic regeneration (around neck)
 o - an uncursed ring of positive energy
 u - the ring of Attitude {rElec MR++ Str-3 Slay+2 Stlth-}
   (You found it on level 6 of the Pits of Slime)

   [ring of loudness]

   It affects your strength (-3).
   It affects your accuracy and damage with ranged weapons and melee attacks
   (+2).
   It insulates you from electricity.
   It affects your resistance to hostile enchantments.
   It makes you less stealthy.
 w - an uncursed ring of sustain attributes
 x - an uncursed ring of protection from magic
 H - a ring of see invisible (left hand)
 O - a ring of protection from fire (right hand)
 Q - an uncursed ring of resist corrosion
Wands
 e - a wand of acid (8/15)
 f - a wand of teleportation (4/9)
 r - a wand of disintegration (8/24)
 C - a wand of digging (15/24)
 P - a wand of teleportation (6/9)
Scrolls
 j - 3 scrolls of fog
 m - 2 scrolls of blinking
 t - 21 scrolls of remove curse
 y - 4 scrolls of holy word
 z - 2 scrolls of magic mapping
 F - a scroll of fear
 J - 6 scrolls of recharging
 K - 5 scrolls of teleportation
 Z - 6 scrolls of identify
Potions
 d - 4 potions of magic
 i - 3 potions of might
 s - 6 potions of resistance
 v - 11 potions of curing
 A - 11 potions of brilliance
 D - 3 potions of cancellation
 E - a potion of ambrosia
 I - 2 potions of heal wounds
 N - 3 potions of cure mutation
 U - 2 potions of agility
 W - 3 potions of haste
Miscellaneous
 h - a sack of spiders {used: 6}
 l - a phial of floods
 q - a fan of gales
 L - a box of beasts {used: 3}
 M - a sack of spiders
 T - a sack of spiders
Comestibles
 k - 14 meat rations


   Skills:
 - Level 14.0 Fighting
   Level 3.9(12.1) Short Blades
 - Level 15.9(16.0) Long Blades
 - Level 10.0 Crossbows
 - Level 12.0 Armour
 - Level 17.2 Dodging
 - Level 8.5 Stealth
 - Level 6.0 Shields
 - Level 15.0 Spellcasting
 - Level 15.2 Conjurations
 + Level 15.2 Hexes
 - Level 17.0 Charms
 - Level 1.0 Summonings
   Level 1.2 Necromancy
 - Level 2.5 Translocations
 * Level 14.8 Fire Magic
 - Level 12.1 Ice Magic
 - Level 11.1 Air Magic
   Level 2.9 Poison Magic
 - Level 10.1 Invocations
 - Level 12.0 Evocations


You had 3 spell levels left.
You knew the following spells:

 Your Spells              Type           Power        Failure   Level  Hunger
a - Magic Dart            Conj           ####         0%          1    None
b - Iskenderun's Mystic   Conj           #######.     1%          4    None
c - Repel Missiles        Chrm/Air       ######       1%          2    None
d - Confuse               Hex            #######.     1%          3    None
e - Freezing Cloud        Conj/Ice/Air   ######....   6%          6    ####...
f - Blink                 Tloc           N/A          3%          2    None
g - Ring of Flames        Chrm/Fire      #######...   10%         7    #####..
h - Swiftness             Chrm/Air       #######.     1%          2    None
i - Invisibility          Hex            #######.     1%          6    ####...
j - Apportation           Tloc           ####......   1%          1    None
k - Sticky Flame          Conj/Fire      #######.     1%          4    None
l - Discord               Hex            #######...   75%         8    #######
m - Summon Butterflies    Summ           ####....     4%          1    None
w - Iskenderun's Battles  Conj/Chrm      #######.     1%          5    None


Dungeon Overview and Level Annotations

Branches:
Dungeon (15/15)            Temple (1/1) D:4            Lair (8/8) D:10
  Swamp (4/4) Lair:6       Spider (4/4) Lair:6        Slime (6/6) Lair:7
    Orc (2/2) D:11            Elf (3/3) Orc:2        Vaults (4/5) D:13
  Crypt (3/3) Vaults:3       Tomb (0/3) Crypt:3      Depths (5/5) D:15
    Zot (2/5) Depths:5

Altars:
Ashenzari
Cheibriados
Dithmenos
Elyvilon
Fedhas
Gozag
Kikubaaqudgha
Makhleb
Nemelex Xobeh
Okawaru
Pakellas
Qazlal
Ru
Sif Muna
Trog
Vehumet
Xom
Yredelemnul
Zin
The Shining One
Jiyva
Lugonu

Shops:
D:5 !   D:6 }   D:9 *   Orc:2 ?}**   Vaults:1 %**}   Vaults:2 ((=!!

Portals:
Hell: Depths:1 Depths:2 Depths:3 Depths:4 Depths:5
Abyss: Depths:1 Depths:3 Depths:4 Depths:5
Pandemonium: Depths:3
Ziggurat: Depths:2
Trove: Vaults:3 (give 14 scrolls of teleportation)

Annotations:
D:4 Grinder
Swamp:4 exclusion: Roxanne, Roxanne
Vaults:3 Wiglaf
Crypt:3 exclusions: 3 doors and 4 more exclusions
Depths:4 exclusion: door


Innate Abilities, Weirdness & Mutations

You are weak. (Str -2)
You expend magic power (3 MP) to strengthen your wands.


Message History

The death cob hits you.
You catch the helpless death cob completely off-guard!
You slice the death cob!! You burn the death cob!
The death cob is almost destroyed.
You block the death cob's attack.
The death cob completely misses itself.
You slash the death cob! You burn the death cob.
You destroy the death cob!
You flicker back into view.
The white draconian breathes frost at you.
The chilling blast misses you.
You hit the ice dragon. You burn the ice dragon.
The ice dragon is lightly wounded.
The ice dragon closely misses you. The ice dragon claws you.
The ice dragon tramples you but does no damage.
You block the white draconian's attack.
You see here a scroll of vulnerability.
The ice dragon is no longer moving slowly.
The white draconian breathes frost at you.
The chilling blast hits you!
You die...

############# #...........#####
............(((.###
#........†..(##.###
#####........((<.###..##
...(...((.......@.?D...###
...q((.(..........(d.....##
###...(....d...###........##
#d§............####....#...##
#(##).......................##
.§§###'#.##......d......#....##
z..##(....#.........###.......#
...##.....##.....###..##......##
8D.##.....####....##...#...#...##


You could see a black draconian (confused), a white draconian and an ice dragon.

Vanquished Creatures
  Dissolution (Slime:2)
  the Royal Jelly (Slime:6)
  Mennas (Crypt:2)
  2 ancient liches (Crypt:3)
  Sojobo (Crypt:2)
  the Lernaean hydra (Swamp:4)
  Norris (Spider:2)
  Nikola (Spider:4)
  3 golden dragons
  Xtahua (Crypt:2)
  Arachne (Spider:3)
  An electric golem (Zot:1)
  5 tentacled monstrosities
  3 liches
  A deep elf blademaster (Elf:2)
  2 deep elf master archers (Elf:3)
  5 death cobs
  7 acid blobs
  4 sphinxes
  A thorn hunter (Swamp:3)
  Frances (Spider:2)
  A sphinx (shapeshifter) (Depths:5)
  Kirke (Spider:1)
  Gastronok (Lair:3)
  An ancient champion (Crypt:1)
  4 tengu reavers
  2 draconian monks
  2 shadow dragons
  7 storm dragons
  11 fire giants
  6 azure jellies
  11 frost giants
  3 ghost moths
  9 deep elf sorcerers
  An iron dragon (Depths:1)
  Aizul (Spider:2)
  7 emperor scorpions
  Louise (Spider:4)
  A balrug (Depths:2)
  Donald (Vaults:1)
  An angel (Depths:3)
  2 draconian annihilators (Zot:1)
  9 vault wardens
  6 deep elf elementalists
  3 draconian zealots
  A draconian shifter (Depths:5)
  2 spriggan defenders
  A ghoul (Crypt:1)
  A draconian caller (Zot:1)
  5 reapers (Crypt:3)
  16 stone giants
  3 vampire knights
  2 war gargoyles
  9 very ugly things
  16 ironheart preservers
  11 deep elf demonologists
  10 deep elf annihilators
  4 black draconians
  A dire elephant (shapeshifter) (Depths:4)
  2 mottled draconians (Depths:5)
  2 green draconians (Zot:1)
  3 purple draconians
  8 spark wasps
  5 yellow draconians
  3 white draconians
  8 eidola
  6 ettins
  2 crystal guardians
  16 jiangshi
  A vault guard (Vaults:1)
  A merfolk javelineer (Depths:2)
  12 great orbs of eyes
  5 death oozes
  16 deep elf death magi
  A deep elf high priest (Elf:3)
  13 yaktaur captains
  14 fire dragons
  7 rakshasas
  15 ice dragons
  11 entropy weavers
  A hell beast (Depths:3)
  24 hydras
  5 spriggan air magi
  A ghost crab (Swamp:3)
  3 catoblepae
  11 centaur warriors
  29 dancing weapons
  5 death knights
  10 ogre magi
  A queen ant (Lair:5)
  4 tengu warriors
  8 alligators
  An alligator (shapeshifter) (D:15)
  5 death yaks (Lair:8)
  21 deep troll earth magi
  A hell hog (shapeshifter) (Elf:3)
  10 vampire magi
  11 deep troll shamans
  3 spriggan berserkers
  4 soul eaters
  2 storm dragon zombies
  Sonja (Lair:3)
  A titan skeleton (Crypt:3)
  3 sun demons
  3 iron trolls (Depths:3)
  23 deep elf knights
  An iron giant skeleton (Crypt:1)
  6 wizards
  2 wretched stars (Abyss:2)
  A fire crab (Vaults:1)
  7 hell knights
  4 unseen horrors
  6 giant orange brains
  8 swamp dragons
  56 deep trolls
  A deep troll (shapeshifter) (Vaults:3)
  31 deep elf archers
  14 skeletal warriors
  2 spriggan druids
  An orange crystal statue (D:12)
  2 flayed ghosts (Vaults:3)
  2 shambling mangroves (Swamp:4)
  12 ironbrand convokers
  A ghost moth zombie (Crypt:1)
  7 hill giants
  15 phantasmal warriors
  A wolf spider zombie (D:15)
  14 orc knights
  A tengu zombie (Vaults:3)
  A mana viper (shapeshifter) (Vaults:1)
  31 wolf spiders
  2 anubis guards (shapeshifter)
  102 deep elf magi
  19 necromancers
  A lindwurm (shapeshifter) (D:15)
  A fire giant zombie (Vaults:1)
  4 griffons
  15 orb spiders
  4 harpies (Vaults:3)
  8 orc sorcerers
  A stone giant zombie (Vaults:3)
  48 ugly things
  2 shining eyes
  A frost giant zombie (Vaults:1)
  A human zombie (Vaults:1)
  2 shadow dragon skeletons (Crypt:3)
  A hornet (shapeshifter) (D:15)
  5 hornets
  5 cyclopes
  16 moths of wrath
  3 manticores
  2 salamanders
  A sixfirhy (Abyss:2)
  A tengu skeleton (Vaults:3)
  A frost giant skeleton (Vaults:1)
  An iron dragon skeleton (Crypt:1)
  A dire elephant zombie (Crypt:3)
  10 elephants
  9 vault sentinels
  2 stone giant skeletons (Crypt:3)
  8 black mambas
  2 fire giant skeletons
  A torpor snail (Spider:1)
  4 centaur zombies
  A guardian serpent (shapeshifter) (D:15)
  5 spectral swamp worms (Depths:3)
  A storm dragon simulacrum (Crypt:3)
  A gargoyle (D:15)
  A spiny frog (shapeshifter) (Vaults:1)
  24 spiny frogs
  A smoke demon (Abyss:2)
  An orange demon (Depths:3)
  A torpor snail (shapeshifter) (Depths:5)
  3 rime drakes
  18 freezing wraiths
  A catoblepas zombie (Crypt:1)
  14 hellwings
  An efreet (Abyss:2)
  17 demonic crawlers
  6 komodo dragons
  71 yaktaurs
  5 trolls
  2 ancient zymes (Abyss:2)
  A tengu conjurer (Depths:4)
  48 jumping spiders
  A polar bear (shapeshifter) (Elf:1)
  3 giant leeches
  16 two-headed ogres
  2 two-headed ogres (shapeshifter)
  8 polar bears
  A hydra skeleton (Crypt:2)
  67 slime creatures
  An alligator zombie (Crypt:1)
  12 bog bodies
  3 boulder beetles
  2 raiju (shapeshifter) (D:13)
  29 blink frogs
  A blink frog (shapeshifter) (Depths:5)
  6 shadows
  A black mamba zombie (Crypt:1)
  A centaur simulacrum (D:15)
  A fire dragon skeleton (Crypt:3)
  2 ettin skeletons (Crypt:3)
  107 redbacks
  12 spriggans
  2 ynoxinuls (Depths:3)
  7 water elementals
  11 air elementals
  27 tarantellas
  3 wyverns
  A tarantella (shapeshifter) (D:15)
  12 wraiths
  4 vampires
  44 yaks
  3 fire bats (Depths:3)
  5 golden eyes (Slime:1)
  4 hogs
  A black mamba skeleton (Crypt:3)
  A human (shapeshifter) (Depths:3)
  5 hungry ghosts
  A golden eye (shapeshifter) (D:15)
  A steam dragon (D:12)
  4 fire elementals
  10 hippogriffs
  4 basilisks
  A hippogriff (shapeshifter) (Depths:3)
  25 vampire mosquitoes
  21 swamp worms
  8 soldier ants (Lair:5)
  3 mottled dragons
  A swamp worm (shapeshifter) (Vaults:3)
  4 large abominations (Abyss:2)
  A warg (Vaults:4)
  A warg (shapeshifter) (Depths:1)
  9 insubstantial wisps
  A water moccasin (shapeshifter) (Vaults:2)
  14 water moccasins
  A giant eyeball (shapeshifter) (Vaults:2)
  35 orc warriors
  11 porcupines
  6 ice beasts
  3 sky beasts
  14 swamp drakes
  An alligator simulacrum (Abyss:2)
  8 black bears
  6 phantoms
  A sky beast (shapeshifter) (D:15)
  A merfolk skeleton (Crypt:3)
  The ghost of DEFE the Skirmisher, an amateur DrFi (D:3)
  3 eyes of draining
  55 ogres
  21 wasps
  A tengu (shapeshifter) (Depths:2)
  49 centaurs
  A swamp dragon skeleton (Crypt:3)
  9 wolves
  An elf skeleton (Vaults:3)
  18 crocodiles
  5 big kobolds
  A draconian zombie (Crypt:1)
  22 giant frogs
  6 earth elementals (Depths:1)
  3 scorpions
  A water moccasin zombie (D:7)
  2 water moccasin skeletons
  A boulder beetle zombie (Crypt:1)
  A warg skeleton (Crypt:2)
  9 wyvern skeletons
  A shapeshifter zombie (Crypt:1)
  11 electric eels
  15 wights
  4 howler monkeys
  A polar bear skeleton (Crypt:1)
  6 crimson imps
  2 giant frog zombies
  A basilisk zombie (Lair:4)
  32 jellies
  7 hounds
  A hound (shapeshifter) (Vaults:2)
  5 giant frog skeletons
  12 orc priests
  7 centaur skeletons
  7 iguanas
  21 orc wizards
  25 worker ants
  A killer bee zombie (D:9)
  29 sheep
  A crocodile zombie (Lair:4)
  A deep dwarf skeleton (Crypt:1)
  A naga skeleton (Crypt:2)
  3 hound skeletons
  A howler monkey zombie (D:11)
  2 worker ant zombies
  14 adders
  38 river rats
  7 gnolls
  3 shadow imps
  A white imp (Abyss:2)
  2 adder zombies
  An adder skeleton (D:8)
  A worm (D:3)
  A worm (shapeshifter) (Depths:3)
  6 giant geckos
  74 orcs
  A ball python (D:1)
  A bat (shapeshifter) (Vaults:1)
  11 giant cockroaches
  9 goblins
  11 hobgoblins
  11 jackals
  4 quokkas
  6 bats
  3 giant gecko skeletons
  6 giant newts
  A jackal skeleton (D:4)
  33 kobolds
  A quokka skeleton (D:4)
  8 rats
  2 crawling corpses (Vaults:4)
  4 fungi
  6 lost souls
  2 plants
  3 withered plants (Crypt:3)
2574 creatures vanquished.

Vanquished Creatures (collateral kills)
  A deep elf blademaster (Elf:3)
  Asterion (Spider:3)
  5 acid blobs (Slime:6)
  3 azure jellies (Slime:6)
  A deep elf elementalist (Elf:3)
  2 vampire knights
  A deep elf demonologist (Elf:3)
  2 black draconians
  5 death oozes (Slime:6)
  A golden dragon skeleton (Crypt:3)
  A phantasmal warrior (Vaults:3)
  2 yaktaurs (Depths:5)
  A freezing wraith (Vaults:3)
  An air elemental (Elf:3)
  An ogre (Vaults:3)
  2 jellies (Slime:6)
  An orc (Vaults:3)
31 creatures vanquished.

Vanquished Creatures (others)
  4 acid blobs (Slime:6)
  An azure jelly (Slime:6)
  A draconian zealot (Depths:5)
  A deep elf elementalist (Elf:3)
  A deep elf death mage (Elf:3)
  A death ooze (Slime:6)
  A hell hog (shapeshifter) (Depths:2)
  A deep elf knight (Vaults:3)
  A wizard (Depths:2)
  A shadow wraith (Abyss:2)
  A flayed ghost (Depths:5)
  An unseen horror (shapeshifter) (Vaults:2)
  3 deep elf magi
  A shining eye (Slime:6)
  An eye of devastation (Slime:6)
  A jumping spider (Spider:1)
  A boulder beetle (Spider:4)
  2 slime creatures (Slime:6)
  A human (Spider:2)
  A sky beast (D:9)
  2 eyes of draining (Slime:6)
  35 fungi
  3 lost souls (Crypt:3)
  21 plants
  19 withered plants
106 creatures vanquished.

Grand Total: 2711 creatures vanquished

Notes
Turn   | Place    | Note
--------------------------------------------------------------
     0 | D:1      | Leszczynek the Deep Elf Wanderer began the quest for the Orb.
     0 | D:1      | Leszczynek set off with: a book of Minor Magic, a scroll of teleportation, a potion of lignification, a +0 robe, a +0 dagger, a bread ration
     0 | D:1      | Reached XP level 1. HP: 10/10 MP: 10/10
     0 | D:1      | oh look, a deep elf wizard start
     0 | D:1      | wow
     0 | D:1      | 7.2 in spellcasting at the start
     0 | D:1      | that must be some kind of a record
     2 | D:1      | Learned a level 1 spell: Magic Dart
    13 | D:1      | 10 max MP at level 1, wow
   146 | D:1      | Reached skill level 2 in Conjurations
   146 | D:1      | Reached XP level 2. HP: 15/15 MP: 9/12
   277 | D:1      | Reached skill level 1 in Dodging
   693 | D:1      | Learned a level 2 spell: Slow
   696 | D:1      | Learned a level 2 spell: Call Imp
   822 | D:2      | Reached skill level 1 in Hexes
   822 | D:2      | Reached XP level 3. HP: 19/19 MP: 6/13
  1066 | D:2      | Reached skill level 2 in Dodging
  1066 | D:2      | Reached skill level 2 in Hexes
  1283 | D:2      | Reached XP level 4. HP: 24/24 MP: 8/15
  1374 | D:2      | Found a faded altar to an unknown god.
  1673 | D:2      | Learned a level 3 spell: Mephitic Cloud
  1675 | D:3      | Reached skill level 3 in Hexes
  1767 | D:3      | Noticed DEFE's ghost (amateur DrFi)
  2074 | D:3      | Found a shimmering altar of Xom.
  2337 | D:3      | Reached skill level 1 in Summonings
  2348 | D:3      | Learned a level 3 spell: Conjure Flame
  2351 | D:3      | Learned a level 2 spell: Blink
  2643 | D:3      | Reached XP level 5. HP: 25/28 MP: 11/16
  3040 | D:3      | Reached skill level 3 in Conjurations
  3040 | D:3      | Reached skill level 1 in Air Magic
  3119 | D:3      | Found a shattered altar of Ashenzari.
  3157 | D:3      | Reached skill level 1 in Fire Magic
  3449 | D:3      | Reached skill level 2 in Air Magic
  3859 | D:4      | Reached XP level 6. HP: 32/32 MP: 12/18
  4180 | D:4      | Found a staircase to the Ecumenical Temple.
  4180 | D:4      | Noticed Grinder
  4244 | Temple   | Entered the Ecumenical Temple
  4262 | Temple   | Became a worshipper of Elyvilon the Healer
  4368 | D:4      | Reached skill level 2 in Fire Magic
  4368 | D:4      | Reached skill level 2 in Poison Magic
  4826 | D:4      | Reached skill level 4 in Conjurations
  5148 | D:4      | Reached skill level 1 in Short Blades
  5148 | D:4      | Reached XP level 7. HP: 36/36 MP: 5/19
  5236 | D:4      | Learned a level 2 spell: Repel Missiles
  5347 | D:5      | Entered Level 5 of the Dungeon
  5352 | D:5      | Reached skill level 5 in Conjurations
  5352 | D:5      | Reached skill level 3 in Fire Magic
  5477 | D:5      | Reached skill level 2 in Short Blades
  5628 | D:5      | Reached skill level 3 in Dodging
  5678 | D:5      | Gained mutation: Your natural rate of healing is unusually fast. [potion of beneficial mutation]
  5773 | D:5      | Reached * piety under Elyvilon
  5777 | D:5      | Found a sparkling altar of Nemelex Xobeh.
  5937 | D:5      | Reached skill level 2 in Translocations
  5972 | D:5      | Found a shadowy altar of Dithmenos.
  6014 | D:5      | Found a bloodstained altar of Trog.
  6062 | D:5      | Reached skill level 4 in Dodging
  6062 | D:5      | Reached XP level 8. HP: 41/41 MP: 11/20
  6146 | D:5      | Reached skill level 3 in Short Blades
  6226 | D:5      | Found Jaunous's Distillery.
  6237 | D:5      | Bought a potion of haste for 120 gold pieces
  6237 | D:5      | Bought a potion of curing for 36 gold pieces
  6237 | D:5      | Bought a potion of heal wounds for 60 gold pieces
  6284 | D:5      | Reached skill level 1 in Fighting
  6284 | D:5      | Reached skill level 5 in Dodging
  6778 | D:6      | Reached skill level 4 in Hexes
  6785 | D:6      | Found Ufewke's Quality Used Wands.
  6996 | D:6      | Found an ancient bone altar of Kikubaaqudgha.
  6997 | D:6      | Found a blossoming altar of Fedhas.
  7004 | D:6      | Reached skill level 1 in Invocations
  7258 | D:7      | Reached skill level 1 in Long Blades
  7353 | D:7      | Reached skill level 2 in Invocations
  7455 | D:7      | Reached ** piety under Elyvilon
  7490 | D:7      | Reached skill level 2 in Fighting
  7490 | D:7      | Reached skill level 2 in Long Blades
  7617 | D:7      | Found a snail-covered altar of Cheibriados.
  7620 | D:7      | Found an opulent altar of Gozag.
  7623 | D:7      | Found an oddly glowing altar of Pakellas.
  7626 | D:7      | Found a stormy altar of Qazlal.
  7785 | D:7      | Reached skill level 3 in Long Blades
  7843 | D:7      | Reached XP level 9. HP: 27/49 MP: 13/21
  7984 | D:7      | Reached skill level 3 in Invocations
  8307 | D:7      | Reached skill level 3 in Fighting
  8307 | D:7      | Reached skill level 4 in Long Blades
  8632 | D:7      | Found a burning altar of Makhleb.
  9086 | D:8      | Reached *** piety under Elyvilon
  9666 | D:8      | Reached skill level 4 in Invocations
  9820 | D:8      | Reached skill level 5 in Long Blades
  9926 | D:9      | Got a jewelled chain mail
 10111 | D:9      | Reached skill level 5 in Hexes
 10176 | D:9      | Found a deep blue altar of Sif Muna.
 10228 | D:9      | Found a glowing golden altar of the Shining One.
 10251 | D:9      | Reached skill level 6 in Dodging
 10401 | D:9      | Found Ceon's Commerce Corner.
 10412 | D:9      | Reached skill level 6 in Long Blades
 10434 | D:9      | book of conjurations!
 10434 | D:9      | my life is saved
 10434 | D:9      | also a manual of charms
 10434 | D:9      | oh wait, i need 234 gold more
 10434 | D:9      | uhh
 10567 | D:9      | Reached **** piety under Elyvilon
 10982 | D:9      | Reached XP level 10. HP: 56/56 MP: 9/22
 11380 | D:10     | Entered Level 10 of the Dungeon
 11381 | D:10     | d:10 already and it's an open layout
 11381 | D:10     | i'll die soon
 11396 | D:10     | Noticed an elephant
 11570 | D:10     | yep, i'll die here
 11672 | D:10     | Reached skill level 6 in Hexes
 12003 | D:10     | Gained mutation: Your spells are a little harder to cast, but a little more powerful. [potion of beneficial mutation]
 12004 | D:10     | Gained mutation: Your spells are harder to cast, but more powerful. [potion of beneficial mutation]
 12005 | D:10     | 2x wild magic
 12005 | D:10     | "beneficial"
 12119 | D:10     | Found a staircase to the Lair.
 12127 | D:10     | Reached skill level 6 in Conjurations
 12142 | D:10     | Reached skill level 3 in Air Magic
 12251 | D:10     | wait
 12251 | D:10     | there are two of them?
 12251 | D:10     | gg
 12391 | D:10     | Lost mutation: Your spells are harder to cast, but more powerful. [potion of cure mutation]
 12391 | D:10     | Lost mutation: Your natural rate of healing is unusually fast. [potion of cure mutation]
 12391 | D:10     | Lost mutation: Your spells are a little harder to cast, but a little more powerful. [potion of cure mutation]
 12429 | D:10     | Killed an elephant
 12648 | D:10     | Reached skill level 7 in Conjurations
 12782 | Lair:1   | Entered Level 1 of the Lair of Beasts
 12783 | Lair:1   | what a horrible entrance
 12791 | Lair:1   | Found a glowing golden altar of the Shining One.
 12960 | Lair:1   | Reached skill level 8 in Conjurations
 13051 | Lair:1   | Reached skill level 7 in Dodging
 13111 | Lair:1   | Noticed a black mamba
 13449 | Lair:1   | Identified the +6 chain mail "Cangujeh" {rPois rC- Int+3 Dex+7} (You found it on level 9 of the Dungeon)
 13857 | Lair:1   | Reached skill level 3 in Stealth
 14107 | Lair:2   | 50 gold left
 14197 | Lair:2   | Noticed a griffon
 14223 | Lair:2   | Reached skill level 4 in Stealth
 14526 | Lair:2   | Reached XP level 11. HP: 55/60 MP: 10/23
 14710 | Lair:2   | Reached skill level 5 in Stealth
 14884 | Lair:2   | Reached skill level 9 in Conjurations
 14940 | Lair:2   | Noticed an eight-headed hydra
 15028 | Lair:1   | Reached skill level 8 in Dodging
 15538 | Lair:1   | Reached skill level 4 in Fighting
 15819 | Lair:1   | Reached skill level 10 in Conjurations
 16016 | Lair:2   | Reached skill level 7 in Long Blades
 16257 | Lair:2   | Killed a griffon
 16438 | Lair:1   | Reached skill level 9 in Dodging
 16614 | Lair:1   | Reached skill level 5 in Fighting
 16769 | Lair:2   | Reached ***** piety under Elyvilon
 17153 | Lair:2   | finally 450 gold
 17153 | Lair:2   | jesus
 17391 | D:9      | Bought a book of Conjurations for 450 gold pieces
 17396 | D:9      | Learned a level 4 spell: Iskenderun's Mystic Blast
 17402 | D:9      | Learned a level 5 spell: Iskenderun's Battlesphere
 17497 | D:10     | Reached skill level 1 in Charms
 17720 | Lair:2   | Killed an eight-headed hydra
 17720 | Lair:2   | Reached skill level 4 in Charms
 17743 | Lair:2   | Reached skill level 5 in Charms
 17886 | Lair:2   | Reached skill level 6 in Charms
 18058 | Lair:2   | Reached XP level 12. HP: 68/68 MP: 11/24
 18241 | Lair:3   | Reached skill level 7 in Charms
 18424 | Lair:3   | Noticed Sonja
 18952 | Lair:3   | Identified the Tome of Compulsion
 19573 | Lair:4   | Reached skill level 7 in Hexes
 19614 | Lair:4   | Reached skill level 8 in Charms
 20554 | Lair:5   | Reached skill level 9 in Charms
 20559 | Lair:5   | Reached skill level 10 in Dodging
 20819 | Lair:5   | Reached skill level 10 in Charms
 20932 | Lair:5   | Got a distressingly furry helmet
 20943 | Lair:5   | Identified the cursed +0 helmet "Suedoih" {rElec} (You found it on level 5 of the Lair of Beasts)
 21259 | Lair:5   | Reached ****** piety under Elyvilon
 21649 | Lair:5   | Reached skill level 6 in Fighting
 21683 | Lair:5   | Reached skill level 11 in Conjurations
 21892 | Lair:5   | Reached skill level 5 in Invocations
 21980 | Lair:5   | yeah, wasn't worth checking this door
 22301 | Lair:6   | Reached XP level 13. HP: 71/75 MP: 12/25
 22754 | Lair:6   | Reached skill level 12 in Conjurations
 22829 | Lair:6   | Found a hole to the Spider Nest.
 22942 | Lair:6   | Reached skill level 6 in Invocations
 23355 | Lair:6   | Found a staircase to the Swamp.
 23882 | Lair:7   | Found a staircase to the Slime Pits.
 24113 | Lair:7   | Got a transparent hand crossbow
 24114 | Lair:7   | Identified the +10 hand crossbow "Ruomopp" {elec, rF+ rC+ MR-} (You found it on level 7 of the Lair of Beasts)
 24115 | Lair:7   | +10
 24115 | Lair:7   | XD
 24115 | Lair:7   | but the MR- is horrible
 24137 | Lair:7   | Reached skill level 7 in Fighting
 24667 | Lair:7   | Reached skill level 1 in Armour
 24710 | Lair:8   | Entered Level 8 of the Lair of Beasts
 24833 | Lair:8   | Reached skill level 1 in Shields
 24942 | Lair:8   | Reached skill level 2 in Shields
 25054 | Lair:7   | Reached skill level 3 in Shields
 25223 | Lair:8   | Reached skill level 4 in Shields
 25546 | Lair:8   | Reached skill level 5 in Shields
 26382 | Lair:8   | Reached skill level 6 in Shields
 26608 | Lair:8   | Reached skill level 2 in Armour
 26701 | Lair:8   | Reached XP level 14. HP: 82/82 MP: 16/27
 26704 | Lair:8   | Reached skill level 8 in Spellcasting
 26726 | Lair:8   | Identified the Handbook of Torrid Battle Magic
 26735 | Lair:8   | Learned a level 6 spell: Freezing Cloud
 27151 | D:3      | Killed DEFE's ghost
 27151 | D:3      | Reached skill level 1 in Ice Magic
 27770 | D:11     | Found a staircase to the Orcish Mines.
 27813 | D:11     | Reached skill level 2 in Ice Magic
 28416 | D:11     | Reached skill level 3 in Ice Magic
 28621 | Orc:1    | Entered Level 1 of the Orcish Mines
 28677 | Orc:1    | Reached skill level 4 in Air Magic
 28963 | Orc:2    | Entered Level 2 of the Orcish Mines
 29075 | Orc:2    | Found a staircase to the Elven Halls.
 29449 | Orc:2    | Reached skill level 4 in Ice Magic
 29706 | Orc:2    | Reached skill level 9 in Spellcasting
 30031 | Orc:2    | Found Heoxitisch's Assorted Antiques.
 30031 | Orc:2    | Found Godic's Gadget Boutique.
 30033 | Orc:2    | Found Cutaum's Magic Scroll Shop.
 30035 | Orc:2    | Found Uhiulast's General Store.
 30053 | Orc:2    | Reached skill level 5 in Ice Magic
 30360 | Orc:2    | Bought 3 scrolls labeled MAQAGG XUBOIX for 66 gold pieces
 30360 | Orc:2    | Bought a crooked fluorescent wand for 88 gold pieces
 30360 | Orc:2    | Bought a blackened gilded ring for 110 gold pieces
 30380 | Orc:2    | Reached skill level 5 in Air Magic
 30433 | Orc:2    | Bought a scroll of blinking for 90 gold pieces
 30433 | Orc:2    | Bought a scroll of fog for 24 gold pieces
 30433 | Orc:2    | Bought a scroll of identify for 24 gold pieces
 30433 | Orc:2    | Bought a scroll of identify for 24 gold pieces
 30433 | Orc:2    | Bought a scroll of identify for 24 gold pieces
 30433 | Orc:2    | Bought a scroll of identify for 24 gold pieces
 30975 | Orc:1    | Reached skill level 6 in Ice Magic
 32136 | D:12     | Reached skill level 10 in Spellcasting
 32136 | D:12     | Reached skill level 7 in Ice Magic
 32302 | D:12     | Reached skill level 6 in Air Magic
 33305 | D:13     | Reached skill level 8 in Ice Magic
 33569 | D:13     | Found a gate to the Vaults.
 34255 | D:14     | Reached XP level 15. HP: 63/86 MP: 13/31
 34433 | D:14     | Reached skill level 7 in Air Magic
 34605 | D:14     | Reached skill level 9 in Ice Magic
 34916 | D:14     | Reached skill level 11 in Spellcasting
 35456 | D:15     | Entered Level 15 of the Dungeon
 36550 | D:15     | Reached skill level 10 in Ice Magic
 37016 | D:15     | Reached skill level 8 in Air Magic
 37778 | Lair:5   | Reached skill level 12 in Spellcasting
 38114 | Swamp:1  | Entered Level 1 of the Swamp
 38253 | Swamp:1  | Reached skill level 11 in Ice Magic
 38655 | Swamp:1  | Reached skill level 8 in Long Blades
 38915 | Swamp:2  | Reached skill level 3 in Armour
 39069 | Swamp:2  | Reached skill level 9 in Air Magic
 40066 | Swamp:3  | Reached skill level 4 in Armour
 40201 | Swamp:3  | Reached skill level 10 in Air Magic
 40201 | Swamp:3  | Reached XP level 16. HP: 87/92 MP: 19/34
 40319 | Swamp:4  | Entered Level 4 of the Swamp
 40336 | Swamp:3  | Noticed a thorn hunter
 40340 | Swamp:3  | ?!?!?!?!?!?!
 40340 | Swamp:3  | HP: 5/92 [eight-headed hydra (12)]
 40413 | Swamp:3  | the whole was just cleared, so i go back to it, right into a thorn hunter, teleport away from him right into an 8-headed hydra
 40413 | Swamp:3  | very fucking nice
 40908 | Swamp:3  | Killed a thorn hunter
 41213 | Swamp:3  | all stairs camped, time for spider
 41376 | Spider:1 | Entered Level 1 of the Spider Nest
 41377 | Spider:1 | 10 spiders in view
 41377 | Spider:1 | i'm done for today
 41600 | Spider:1 | Got a bone great sword
 41602 | Spider:1 | ah not this scroll
 41602 | Spider:1 | Identified the +4 great sword of the Pariah {freeze, rF++ Int+2} (You found it on level 1 of the Spider Nest)
 41626 | Spider:1 | Reached skill level 9 in Long Blades
 41672 | Spider:1 | Reached skill level 11 in Air Magic
 42224 | Spider:1 | Reached skill level 5 in Armour
 43021 | Spider:1 | Reached skill level 13 in Conjurations
 43596 | Spider:1 | Got a twisted falchion
 43597 | Spider:1 | Identified the cursed +1 falchion "Elf's Bane" {pain, rN++} (You found it on level 1 of the Spider Nest)
 43817 | Spider:2 | Reached skill level 6 in Armour
 43888 | Spider:2 | Noticed Frances
 44695 | Spider:1 | Reached skill level 1 in Crossbows
 44921 | Spider:2 | Reached skill level 2 in Crossbows
 45860 | Swamp:4  | HP: 1/92 [bog body (24)]
 46194 | Swamp:4  | Reached skill level 3 in Crossbows
 46426 | Swamp:4  | Reached skill level 10 in Long Blades
 46667 | Swamp:4  | nice cloud
 46673 | Swamp:3  | HP: 9/92 [poisoned by a swamp dragon (blast of poison)]
 46678 | Swamp:3  | HP: 8/92 [poisoned by a swamp dragon (blast of poison)]
 46685 | Swamp:3  | HP: 8/92 [poisoned by a swamp dragon (blast of poison)]
 46693 | Swamp:3  | HP: 8/92 [poisoned by a swamp dragon (blast of poison)]
 47380 | Swamp:3  | Reached skill level 7 in Armour
 47678 | Swamp:4  | Reached XP level 17. HP: 96/96 MP: 28/35
 47944 | Swamp:4  | Noticed Roxanne
 48458 | Swamp:4  | Noticed the 27-headed Lernaean hydra
 48469 | Swamp:4  | Killed the 27-headed Lernaean hydra
 48469 | Swamp:4  | Reached skill level 13 in Spellcasting
 48548 | Swamp:4  | Got a decaying rune of Zot
 48554 | Swamp:4  | Got an iridescent battleaxe
 48555 | Swamp:4  | Identified the cursed +0 battleaxe "Orb Guardian's Curse" {flame, +Fly rPois Int-2} (You found it on level 4 of the Swamp)
 48573 | Swamp:4  | Reached skill level 11 in Dodging
 48931 | Orc:2    | Bought a hardcover book for 330 gold pieces
 48931 | Orc:2    | Bought a scroll of enchant armour for 165 gold pieces
 48943 | Orc:2    | Bought a potion of heal wounds for 60 gold pieces
 49540 | Spider:2 | Noticed Kirke
 49935 | Spider:1 | Paralysed by a sphinx for 5 turns
 50279 | Vaults:1 | Entered Level 1 of the Vaults
 50667 | Vaults:1 | Reached skill level 11 in Long Blades
 50867 | Vaults:1 | Noticed Donald
 50875 | Vaults:1 | Killed Donald
 51095 | Vaults:1 | Found Vacwuet's Assorted Antiques.
 51098 | Vaults:1 | Bought a tapered gold wand for 116 gold pieces
 51298 | Vaults:1 | no mr, no sinv, no resistances
 51298 | Vaults:1 | great drops so far
 51552 | Vaults:1 | Found Feuttael's Assorted Antiques.
 51598 | Vaults:1 | Found Zufe's Food Shoppe.
 51889 | Vaults:1 | Reached skill level 12 in Dodging
 52340 | Vaults:1 | this somehow IS easier than spider so far
 52750 | Vaults:1 | Found Lauk's Gadget Emporium.
 52757 | Vaults:1 | Reached skill level 1 in Evocations
 53495 | Vaults:1 | Reached skill level 2 in Evocations
 53785 | Vaults:2 | Found Lauffov's Distillery.
 53793 | Vaults:2 | Bought a potion of haste for 150 gold pieces
 53806 | Vaults:2 | Found Qitt's Jewellery Shoppe.
 53809 | Vaults:2 | Bought an uncursed ring of protection from magic for 300 gold pieces
 53818 | Vaults:2 | Bought an uncursed ring of protection from fire for 300 gold pieces
 53828 | Vaults:2 | Found Duicekiwi's Antique Weapon Shop.
 54140 | Vaults:2 | Reached skill level 3 in Evocations
 54188 | Vaults:2 | Found a shattered altar of Ashenzari.
 54231 | Vaults:2 | Found Vynna's Distillery.
 54298 | Vaults:2 | don't wanna fight with wardens
 54350 | Vaults:2 | Found Keyl's Weapon Shop.
 54753 | Vaults:1 | Reached skill level 4 in Evocations
 54761 | Vaults:1 | Reached XP level 18. HP: 87/101 MP: 4/37
 54993 | Vaults:1 | Reached skill level 5 in Evocations
 55934 | Vaults:2 | Reached skill level 8 in Armour
 56345 | Vaults:1 | shit son
 56355 | Vaults:1 | Reached skill level 6 in Evocations
 56450 | Vaults:1 | Paralysed by a great orb of eyes for 4 turns
 56656 | Vaults:2 | how do i kill a crystal guardian
 56663 | Vaults:2 | Reached skill level 8 in Fighting
 56671 | Vaults:2 | oh, imb actually does damage to it
 56761 | Vaults:2 | all these weapon shops and all are horrible
 56761 | Vaults:2 | it's almost impressive
 56761 | Vaults:2 | if only it wasn't depressing instead
 56776 | Vaults:2 | ughhh
 56985 | Vaults:2 | plz
 56989 | Vaults:2 | Reached skill level 7 in Evocations
 57001 | Vaults:2 | oh god
 57090 | Vaults:2 | wow, barely
 57318 | Vaults:2 | Reached skill level 8 in Evocations
 57583 | Vaults:2 | ohhhh boy
 57636 | Vaults:2 | ughhhhh
 58260 | Vaults:2 | Reached skill level 9 in Evocations
 58902 | Vaults:3 | Reached skill level 9 in Armour
 59455 | Vaults:3 | Reached skill level 9 in Fighting
 59612 | Vaults:3 | Reached skill level 10 in Evocations
 59825 | Vaults:3 | uhhhhhh
 59830 | Vaults:3 | ok
 59830 | Vaults:3 | how do i not die to a phantasmal warrior
 60285 | Vaults:3 | Found a portal to a secret trove of treasure.
 60288 | Vaults:3 | 14 ?tele for trove
 60288 | Vaults:3 | well too bad i used them aaaaaaall up
 60636 | Vaults:3 | Reached XP level 19. HP: 76/110 MP: 15/38
 60988 | Vaults:3 | Reached skill level 11 in Evocations
 60990 | Vaults:3 | no corpses from anything
 61232 | Vaults:3 | of course, HIS spell works on 21% the first time
 61232 | Vaults:3 | mine has to take 3 tries on 88%
 61238 | Vaults:3 | Noticed Wiglaf
 61697 | Vaults:3 | Found a staircase to the Crypt.
 62922 | Vaults:4 | Reached skill level 12 in Evocations
 63410 | Vaults:4 | Reached skill level 10 in Fighting
 63512 | Vaults:4 | Reached skill level 10 in Armour
 63844 | Vaults:4 | Reached skill level 12 in Long Blades
 64241 | Vaults:4 | Reached skill level 14 in Conjurations
 65238 | Vaults:4 | FUCK
 65659 | Vaults:4 | Got a bone dagger
 65660 | Vaults:4 | Identified the cursed +2 dagger "Jellybane" {pierce, rC++} (You found it on level 4 of the Vaults)
 65719 | Vaults:4 | Reached skill level 13 in Long Blades
 66062 | Vaults:1 | Reached XP level 20. HP: 112/117 MP: 29/39
 66279 | Lair:3   | Killed Sonja
 66339 | Lair:3   | Noticed Gastronok
 66347 | Lair:3   | Killed Gastronok
 66347 | Lair:3   | Reached skill level 13 in Dodging
 66347 | Lair:3   | Reached skill level 7 in Invocations
 66539 | Spider:1 | Killed Kirke
 66607 | Spider:2 | Noticed Aizul
 66615 | Spider:2 | Killed Aizul
 66682 | Spider:2 | yeah, i'm definitely stronger now
 66718 | Spider:2 | Killed Frances
 67657 | Spider:3 | Noticed Asterion
 67676 | Spider:3 | Killed Asterion
 67974 | Spider:3 | Noticed Arachne
 67978 | Spider:3 | Noticed Norris
 67978 | Spider:3 | jesus, 3 uniques per floor
 67978 | Spider:3 | isn't this a bit much
 67997 | Spider:3 | Killed Arachne
 68012 | Spider:2 | HP: 5/117 [something (27)]
 68307 | Spider:2 | so, norris is now on this floor
 68555 | Vaults:1 | Reached skill level 8 in Invocations
 68719 | Vaults:4 | oh
 68719 | Vaults:4 | demon blade is bad just because it's a demon blade?
 68719 | Vaults:4 | wow, ely sure isn't a great god is she
 70223 | Spider:4 | Entered Level 4 of the Spider Nest
 70254 | Spider:4 | Noticed Nikola
 70264 | Spider:4 | Killed Nikola
 70631 | Spider:4 | Reached skill level 14 in Long Blades
 70748 | Spider:4 | Noticed Louise
 70748 | Spider:4 | so that's the 8th unique in spider i think
 70757 | Spider:4 | Killed Louise
 71090 | Spider:4 | Reached skill level 4 in Crossbows
 71596 | Spider:4 | Reached skill level 14 in Dodging
 71928 | Spider:4 | Reached skill level 5 in Crossbows
 72351 | Spider:4 | Got a gossamer rune of Zot
 72756 | D:15     | Found a staircase to the Depths.
 72764 | Depths:1 | Entered Level 1 of the Depths
 72840 | D:15     | maybe elf first...?
 72840 | D:15     | sounds like a horrible idea tbh
 72976 | Elf:1    | Entered Level 1 of the Elven Halls
 72980 | Elf:1    | Reached skill level 6 in Crossbows
 73179 | Orc:2    | Upgraded the game from 0.18.1-6-gd335043 to 0.18.1-8-gdd0e5ea
 73777 | Elf:1    | Reached skill level 6 in Stealth
 74500 | Elf:2    | Found a runed gate.
 74500 | Elf:2    | Found a runed gate.
 74500 | Elf:2    | Found a runed gate.
 74667 | Elf:2    | Reached XP level 21. HP: 96/122 MP: 23/40
 74777 | Elf:2    | Learned a level 2 spell: Swiftness
 74925 | Elf:2    | Reached skill level 7 in Stealth
 75173 | Elf:2    | Reached skill level 15 in Dodging
 75326 | Elf:2    | Reached skill level 15 in Conjurations
 76079 | Elf:2    | Reached skill level 8 in Stealth
 77031 | Elf:3    | Entered Level 3 of the Elven Halls
 77548 | Elf:3    | Reached skill level 16 in Dodging
 79092 | Elf:2    | Reached skill level 15 in Long Blades
 79255 | Elf:3    | Reached skill level 12 in Ice Magic
 79567 | Elf:3    | you know, i do it this way, in an open terrain
 79567 | Elf:3    | because otherwise it's too easy :^)
 79864 | Elf:3    | Identified the Papyrus of Intoxication
 79894 | Elf:3    | Reached XP level 22. HP: 107/128 MP: 14/41
 80187 | Elf:3    | Identified the Catalogue of Earth
 80231 | Elf:3    | there's absolutely nothing here
 80231 | Elf:3    | and still no sinv
 80231 | Elf:3    | and i'm about to go to depths
 80231 | Elf:3    | rip
 80242 | Elf:3    | Got a brightly glowing rapier
 80243 | Elf:3    | Identified the +4 rapier of Him Unnane {drain, Str+2 Int+2 Dex+5} (You found it on level 3 of the Elven Halls)
 80458 | Vaults:1 | Bought a scroll of acquirement for 1508 gold pieces
 80461 | Vaults:1 | Identified the Catalogue of Flamy Hexes (You acquired it on level 1 of the Vaults)
 80462 | Vaults:1 | book acquirement gave me hexes
 80462 | Vaults:1 | 15 in conjurations, 12 in ice, 11 in air, 10 in charms, 7 in hexes
 80462 | Vaults:1 | thanks
 80469 | Vaults:1 | Learned a level 6 spell: Invisibility
 80473 | Vaults:1 | Learned a level 3 spell: Confuse
 80478 | Vaults:1 | Learned a level 4 spell: Sticky Flame
 80487 | Vaults:1 | Learned a level 8 spell: Discord
 80704 | Vaults:1 | Bought a meat ration for 50 gold pieces
 80704 | Vaults:1 | Bought a meat ration for 50 gold pieces
 80704 | Vaults:1 | Bought a meat ration for 50 gold pieces
 80704 | Vaults:1 | Bought a beef jerky for 15 gold pieces
 80952 | Depths:1 | Reached skill level 8 in Hexes
 81346 | Depths:1 | Found a one-way gate to the infinite horrors of the Abyss.
 81350 | Depths:1 | Found a gateway to Hell.
 81506 | Depths:1 | Reached skill level 9 in Hexes
 81702 | Depths:1 | wait
 81702 | Depths:1 | ogre mages can cast LCS?
 81702 | Depths:1 | how would you have to level up an ogre to be able to cast LCS?
 81963 | Depths:1 | Reached skill level 10 in Hexes
 82265 | Depths:1 | Got a translucent morningstar
 82266 | Depths:1 | Identified the +4 morningstar "Dragonslayer" {elec, rF+ rN+ MP+9} (You found it on level 1 of the Depths)
 82821 | Depths:1 | Reached skill level 11 in Hexes
 83493 | Depths:2 | Reached skill level 12 in Hexes
 84382 | Depths:2 | Reached skill level 13 in Hexes
 84458 | Depths:2 | Found a gateway to a ziggurat.
 84529 | Depths:2 | Reached skill level 9 in Invocations
 85030 | Depths:2 | Reached skill level 14 in Hexes
 85163 | Depths:2 | nice teleport
 85838 | Depths:2 | Reached skill level 10 in Invocations
 86277 | Depths:2 | Reached skill level 15 in Hexes
 87024 | Depths:2 | Reached XP level 23. HP: 121/133 MP: 32/42
 87253 | Depths:3 | Reached skill level 11 in Fighting
 87424 | Depths:3 | Found a glowing golden altar of the Shining One.
 87445 | Depths:3 | Identified a +4 rod of clouds (9/9) (You found it on level 3 of the Depths)
 88346 | Depths:3 | Found a one-way gate leading to the halls of Pandemonium.
 88677 | Depths:3 | how am i supposed to win if i can't even kill an iron troll
 89896 | Depths:4 | Found a snail-covered altar of Cheibriados.
 89933 | Depths:4 | Reached skill level 11 in Armour
 90380 | Depths:4 | Reached skill level 14 in Spellcasting
 90778 | Depths:4 | Reached skill level 15 in Spellcasting
 90787 | Depths:4 | IMB is actually good against spriggans, wow
 91249 | Depths:4 | "67%"
 91252 | Depths:4 | works at sixth attempt
 91516 | Depths:4 | Reached skill level 12 in Fighting
 91737 | Depths:4 | Reached skill level 7 in Crossbows
 92746 | Depths:5 | Entered Level 5 of the Depths
 95160 | Depths:5 | Reached skill level 8 in Crossbows
 95638 | Depths:5 | Noticed a caustic shrike
 95638 | Depths:5 | a shadow dragon changed into a caustic shrike
 95643 | Depths:5 | a caustic shrike changed into an acid blob
 95660 | Depths:4 | how am i supposed to kill something that heals all of its HP every 2 turns?
 95660 | Depths:4 | ?!
 95744 | Depths:4 | Reached skill level 13 in Fighting
 95871 | Depths:4 | Reached XP level 24. HP: 99/145 MP: 39/44
 96377 | Depths:5 | Reached skill level 9 in Crossbows
 97027 | Depths:5 | Reached skill level 17 in Dodging
 97368 | Depths:5 | Found a gate to the Realm of Zot.
 97601 | Depths:5 | Reached skill level 10 in Crossbows
 97788 | Depths:5 | Got a faintly humming leather armour
 97789 | Depths:5 | Identified the cursed +0 leather armour of Ceke {SInv} (You found it on level 5 of the Depths)
 98142 | Depths:3 | Cast into level 2 of the Abyss (hell knight)
 98143 | Abyss:2  | oh
 98218 | Abyss:2  | Found a corrupted altar of Lugonu.
 98717 | Depths:3 | Escaped the Abyss
 99087 | Swamp:2  | Learned a level 7 spell: Ring of Flames
 99252 | Spider:2 | Killed Norris
 99252 | Spider:2 | Reached skill level 4 in Fire Magic
 99614 | Slime:1  | Entered Level 1 of the Pits of Slime
 99617 | Slime:1  | Gained mutation: You expend magic power (3 MP) to strengthen your wands. [a shining eye]
 99869 | Slime:1  | Reached skill level 11 in Charms
100105 | Slime:2  | Noticed Dissolution
100121 | Slime:2  | Killed Dissolution
100121 | Slime:2  | Reached skill level 6 in Fire Magic
101014 | D:5      | Bought a potion of haste for 120 gold pieces
101014 | D:5      | Bought a potion of agility for 48 gold pieces
101014 | D:5      | Bought a potion of curing for 36 gold pieces
101014 | D:5      | Bought a potion of curing for 36 gold pieces
101272 | Slime:6  | Entered Level 6 of the Pits of Slime
101304 | Slime:6  | Reached skill level 7 in Fire Magic
101529 | Slime:6  | Found a viscous altar of Jiyva.
101531 | Slime:6  | Noticed the Royal Jelly
101582 | Slime:6  | Killed the Royal Jelly
101582 | Slime:6  | Reached skill level 12 in Charms
101582 | Slime:6  | Reached skill level 8 in Fire Magic
101604 | Slime:5  | note to self: discord and ely doesn't work together as well as i hoped
101604 | Slime:5  | note to self: attacking with ring of flames doesn't count as directly attacking the neutral opponent for some reason
101975 | Slime:6  | Got a scintillating platinum ring
101976 | Slime:6  | Identified the ring of Attitude {rElec MR++ Str-3 Slay+2 Stlth-} (You found it on level 6 of the Pits of Slime)
101977 | Slime:6  | str-3
101977 | Slime:6  | ehhhh
102466 | Slime:5  | Reached skill level 9 in Fire Magic
102808 | Slime:6  | Got an ancient morningstar
102856 | Slime:6  | Identified the +6 morningstar of the Two Names {flame, rElec} (You found it on level 6 of the Pits of Slime)
102933 | Slime:6  | Learned a level 1 spell: Apportation
102935 | Slime:6  | Learned a level 1 spell: Summon Butterflies
102971 | Slime:6  | Got a slimy rune of Zot
102984 | Slime:6  | Identified the Collected Works on the Glacier (You found it on level 6 of the Pits of Slime)
103323 | Vaults:2 | Bought a potion of magic for 120 gold pieces
103323 | Vaults:2 | Bought a potion of curing for 45 gold pieces
103323 | Vaults:2 | Bought a potion of curing for 45 gold pieces
103323 | Vaults:2 | Bought a potion of heal wounds for 75 gold pieces
103323 | Vaults:2 | Bought a potion of haste for 150 gold pieces
103323 | Vaults:2 | Bought a potion of curing for 45 gold pieces
103323 | Vaults:2 | Bought a potion of heal wounds for 75 gold pieces
103344 | Vaults:2 | Bought 2 potions of heal wounds for 220 gold pieces
103344 | Vaults:2 | Bought a potion of resistance for 220 gold pieces
103449 | Crypt:1  | Entered Level 1 of the Crypt
103745 | Crypt:1  | Reached skill level 13 in Charms
104070 | Crypt:1  | Reached skill level 10 in Fire Magic
105113 | Crypt:1  | Reached skill level 11 in Fire Magic
105499 | Crypt:2  | Noticed Xtahua
105518 | Crypt:2  | Killed Xtahua
105699 | Crypt:2  | Reached XP level 25. HP: 150/150 MP: 37/44
105702 | Crypt:2  | Noticed Sojobo
105702 | Crypt:2  | ugh
105706 | Crypt:2  | Reached skill level 14 in Charms
105723 | Crypt:2  | Killed Sojobo
105727 | Crypt:2  | Reached skill level 12 in Fire Magic
106076 | Crypt:2  | Noticed Mennas
106077 | Crypt:2  | ughhhhhhhhhhhhhhhhhhhhhh
106120 | Crypt:2  | HP: 8/150 [Mennas/eudemon blade of holy wrath (21)]
106125 | Crypt:2  | Killed Mennas
106404 | Crypt:3  | Entered Level 3 of the Crypt
106405 | Crypt:3  | god not this layout
106405 | Crypt:3  | i'd have to fight curse skulls
107723 | Crypt:3  | Found an ancient bone altar of Kikubaaqudgha.
107773 | Crypt:3  | Reached skill level 15 in Charms
108592 | Crypt:3  | first SInv ring
108630 | Crypt:3  | Noticed an ancient lich
108630 | Crypt:3  | Noticed an ancient lich
109111 | Crypt:3  | Killed an ancient lich
109159 | Crypt:3  | Killed an ancient lich
109210 | Crypt:3  | Identified the Guide on Lethal Execration
109439 | Crypt:3  | HP: 3/152 [reaper/scythe of freezing (38)]
109439 | Crypt:3  | Elyvilon protects you from harm!
109440 | Crypt:3  | well well
109728 | Crypt:3  | Reached skill level 14 in Fighting
109974 | Vaults:2 | Bought a potion of brilliance for 60 gold pieces
110040 | Vaults:1 | Bought a potion of heal wounds for 120 gold pieces
110217 | Orc:2    | Bought a fan of gales for 480 gold pieces
110492 | Zot:1    | Entered Level 1 of the Realm of Zot
110706 | Depths:5 | wow
110706 | Depths:5 | well, i have no idea how i will win this
110912 | Zot:1    | MR+ cloak, finally
110912 | Zot:1    | or rather, "ego cloak, finally"
111102 | Zot:1    | Reached skill level 12 in Armour
111174 | Zot:1    | Reached skill level 16 in Charms
111546 | Zot:1    | Reached skill level 13 in Fire Magic
112661 | Zot:1    | Reached skill level 14 in Fire Magic
113392 | Zot:2    | Noticed an orb of fire
113406 | Zot:2    | Gained mutation: You are weak. (Str -2) [an orb of fire]
113758 | Zot:2    | Reached skill level 17 in Charms
114217 | Zot:2    | wow
114243 | Zot:2    | Reached XP level 26. HP: 47/158 MP: 44/44
114270 | Zot:2    | Killed from afar by a white draconian

Skill      XL: |  1  2  3  4  5  6  7  8  9 10 11 12 13 14 15 16 17 18 19 20 21 22 23 24 25 |
---------------+----------------------------------------------------------------------------+-----
Conjurations   | 2 3 4 5 8 10 11 12 13 14 15 | 15.2
Dodging        | 1 2 4 5 6 7 9 10 12 14 16 17 | 17.2
Hexes          | 1 2 3 4 5 6 7 15 | 15.2
Summonings     | 1 |  1.0
Air Magic      | 2 3 6 10 11 | 11.1
Fire Magic     | 1 2 3 11 14 | 14.8
Poison Magic   | 2 |  2.9
Short Blades   | 1 2 3 |  3.9
Translocations | 2 |  2.5
Fighting       | 2 3 5 6 7 9 10 13 14 | 14.0
Invocations    | 2 4 5 6 8 10 | 10.1
Long Blades    | 3 6 7 8 10 11 13 14 15 | 15.9
Stealth        | 4 5 6 8 |  8.5
Charms         | 6 10 13 17 | 17.0
Armour         | 2 4 7 9 10 11 12 | 12.0
Shields        | 6 |  6.0
Spellcasting   | 10 12 13 15 | 15.0
Ice Magic      | 8 11 12 | 12.1
Crossbows      | 3 6 8 10 | 10.0
Evocations     | 4 10 12 | 12.0
Necromancy     | |  1.2

Action                   |  1- 3 |  4- 6 |  7- 9 | 10-12 | 13-15 | 16-18 | 19-21 | 22-24 | 25-27 || total
-------------------------+-------+-------+-------+-------+-------+-------+-------+-------+-------++-------
Melee: Dagger            |       |     2 |       |       |       |       |       |       |       ||     2
       Short sword       |       |     1 |    25 |    91 |    90 |       |       |       |       ||   207
       Long sword        |       |       |     5 |       |       |       |       |       |       ||     5
       Scimitar          |       |       |       |    20 |   200 |   298 |   601 |       |       ||  1119
       Unarmed           |       |       |       |       |       |     4 |       |       |       ||     4
       Double sword      |       |       |       |       |       |       |   158 |  1644 |   591 ||  2393
 Fire: Hand crossbow     |       |       |       |       |     4 |    55 |    84 |   234 |   518 ||   895
Throw: Throwing net      |       |       |       |       |       |       |       |       |     5 ||     5
 Cast: Magic Dart        |    85 |   245 |   532 |   889 |   814 |   660 |   523 |   110 |     4 ||  3862
       Call Imp          |       |     3 |       |       |       |       |       |       |       ||     3
       Slow              |       |     7 |     8 |    51 |    12 |    18 |    15 |       |       ||   111
       Mephitic Cloud    |       |     2 |    18 |    24 |    21 |       |       |       |       ||    65
       Conjure Flame     |       |     7 |    14 |    59 |     1 |       |       |       |       ||    81
       Blink             |       |     1 |       |    20 |    22 |    22 |     2 |     3 |       ||    70
       Repel Missiles    |       |       |     2 |     1 |     2 |     8 |    13 |     5 |     1 ||    32
       Iskenderun's Myst |       |       |       |    25 |   385 |   393 |   341 |   406 |    20 ||  1570
       Iskenderun's Batt |       |       |       |    50 |   218 |   208 |   169 |   104 |     7 ||   756
       Freezing Cloud    |       |       |       |       |       |   124 |   128 |   124 |    40 ||   416
       Confuse           |       |       |       |       |       |       |       |   118 |    73 ||   191
       Invisibility      |       |       |       |       |       |       |       |     6 |     4 ||    10
       Sticky Flame      |       |       |       |       |       |       |       |    12 |    12 ||    24
       Ring of Flames    |       |       |       |       |       |       |       |     3 |     1 ||     4
       Discord           |       |       |       |       |       |       |       |     2 |       ||     2
Invok: Greater Healing   |       |       |       |       |     4 |     8 |     8 |    10 |     5 ||    35
       Purification      |       |       |       |       |       |     1 |       |       |       ||     1
 Abil: Evoke Flight      |       |       |       |       |       |     1 |     1 |     2 |       ||     4
       Stop Flying       |       |       |       |       |       |       |       |     3 |       ||     3
Evoke: Wand              |       |       |       |       |     2 |     3 |    10 |    15 |     2 ||    32
       Sack of spiders   |       |       |       |       |       |     1 |     5 |     3 |     3 ||    12
       Box of beasts     |       |       |       |       |       |       |       |     1 |     2 ||     3
  Use: Scroll            |     3 |     4 |    12 |    15 |    18 |    25 |     9 |    33 |     4 ||   123
       Potion            |       |     1 |     1 |     5 |     4 |     5 |     6 |    13 |     8 ||    43
 Stab: Confused          |       |       |     3 |     9 |     5 |       |       |    53 |     8 ||    78
       Sleeping          |       |       |       |       |     1 |       |     4 |     6 |     2 ||    13
       Held in net/web   |       |       |       |       |       |       |     1 |       |     2 ||     3
       Distracted        |       |       |       |       |       |       |       |     8 |     2 ||    10
       Petrified         |       |       |       |       |       |       |       |     2 |       ||     2
       Invisible         |       |       |       |       |       |       |       |    17 |    26 ||    43
  Eat: Chunk             |     1 |     7 |    18 |    35 |    69 |    61 |    33 |    54 |     9 ||   287
       Bread ration      |       |     1 |       |     1 |     4 |    10 |    12 |     5 |     1 ||    34
       Fruit             |       |       |       |     3 |     3 |     8 |    12 |     6 |       ||    32
       Beef jerky        |       |       |       |     5 |     5 |     2 |     4 |     1 |       ||    17
       Pizza             |       |       |       |       |     1 |     1 |     1 |     3 |       ||     6
       Royal jelly       |       |       |       |       |     1 |       |       |     1 |       ||     2
       Meat ration       |       |       |       |       |       |       |       |     5 |     5 ||    10
Armor: Robe              |     3 |     5 |    52 |    70 |   106 |    97 |       |       |       ||   333
       Skin              |       |     9 |       |       |       |       |       |       |       ||     9
       Swamp dragon armo |       |       |       |       |       |   251 |   479 |   572 |   205 ||  1507
Dodge: Dodged            |    10 |    37 |   151 |   284 |   512 |   673 |   808 |  1175 |   423 ||  4073
       Deflected         |       |       |    11 |     1 |    24 |    50 |    63 |    52 |     4 ||   205
Block: Buckler           |       |       |       |       |   257 |   329 |   466 |   555 |   199 ||  1806
